cohdb
Replays
Latest Replays
All Replays
Popular Replays
Top Player Replays
Match Explorer
How It Works
Community
CoH3 Stats
Reddit
Sign in to upload your games and track your stats! →
Sign in with Steam
Match 47235018
Unlisted
Match 47235018
Overview
Messages
Build Orders
End
Pioneer Squad
Construct Infanterie Kompanie
Selects Breakthrough Battlegroup
Selects Assault Grenadiers
Grenadier Squad
MG 42 Machine Gun Team
Grenadier Squad
Construct Luftwaffe Kompanie
Medical Station
Selects Smoke Bombing Run
Jäger Squad
Support Elements
Smoke Bombing Run
Smoke Bombing Run
Jäger Squad
Construct Panzer Kompanie
Smoke Bombing Run
Construct Panzergrenadier Kompanie
Pak 40 Anti-tank Gun Team
Pak 40 Anti-tank Gun Team
Smoke Bombing Run
Construct Panzer Kompanie
Smoke Bombing Run
boi_of_war
♠♣ Kvothe ♠♣
0
0
Comments
sign in to comment!
No comments posted yet!